 Dungeon Crawl Stone Soup version 0.27-a0-926-g0e6d9124c6 (webtiles) character file.

Game seed: 9697479689616675083

45657 Froggeryz the Frost Mage (level 13, -3/86 HPs)
             Began as a Demigod Ice Elementalist on Apr 9, 2021.
             Slain by a thrashing horror (5 damage)
             ... on level 2 of the Abyss on Apr 10, 2021.
             The game lasted 00:50:49 (22116 turns).

Froggeryz the Frost Mage (DgIE)                    Turns: 22116, Time: 00:50:50

Health: -3/86      AC: 13    Str: 17    XL:     13   Next: 63%
Magic:  11/26      EV: 12    Int: 30    God:
Gold:   1232       SH:  0    Dex: 18    Spells: 16/24 levels left

rFire    + + +     SeeInvis +   c - staff of cold
rCold    + . .     Faith    .   (no shield)
rNeg     + . .     Spirit   .   j - +4 Cigotuvi's embrace {rMiasma Drain rN+}
rPois    +         Reflect  .   G - +0 helmet {Int+3}
rElec    .         Harm     .   t - +2 cloak
rCorr    .         Rampage  .   (no gloves)
Will     +....     Rnd*Rage +   m - +0 pair of boots
Stlth    ++........             F - amulet of regeneration
HPRegen  1.24/turn              Q - ring of Yredelemnul's Favour {rPois rF+++ Dex+4 SInv}
MPRegen  0.20/turn              A - +6 ring of intelligence

@: studying Earth Magic
A: high mp 1, forlorn, [berserk 2], [dopey 2], [frail 2], [subdued magic 2]
a: no special abilities


You were on level 2 of the Abyss.
You visited 2 branches of the dungeon, and saw 16 of its levels.
You visited the Abyss 1 time.

You collected 1978 gold pieces.
You spent 746 gold pieces at shops.

Inventory:

Hand Weapons
 g - a +3 dagger of holy wrath
Missiles
 h - 47 poisoned darts (quivered)
 q - a curare-tipped dart
Armour
 b - a +1 kite shield
 j - the +4 Cigotuvi's embrace (worn) {rMiasma Drain rN+}
   (You found it on level 4 of the Dungeon)

   It protects you from negative energy.
   It drains your maximum health when unequipped.
 m - a +0 pair of boots (worn)
 t - a +2 cloak (worn)
 G - a +0 helmet of intelligence (worn)
Magical Staves
 c - a staff of cold (weapon)
Jewellery
 f - a ring of positive energy
 l - a ring of ice
 p - a ring of resist corrosion
 A - a +6 ring of intelligence (right hand)
 F - an amulet of regeneration (around neck)
 Q - the ring of Yredelemnul's Favour (left hand) {rPois rF+++ Dex+4 SInv}
   (You bought it in a shop on level 5 of the Dungeon)

   [ring of poison resistance]

   It affects your dexterity (+4).
   It renders you almost immune to fire.
   It protects you from poison.
   It lets you see invisible.
 R - a ring of fire
 S - a ring of magical power
 T - a ring of willpower
Wands
 a - a wand of polymorph (11)
 v - a wand of charming (11)
 E - a wand of digging (2)
 K - a wand of iceblast (16)
 L - a wand of flame (11)
 M - a wand of acid (4)
Scrolls
 d - a scroll of amnesia
 i - a scroll of brand weapon
 r - 6 scrolls of enchant armour
 s - 2 scrolls of holy word
 u - a scroll of noise
 y - 11 scrolls of identify
 D - 2 scrolls of teleportation
 I - a scroll of vulnerability
 N - a scroll of fog
 U - a scroll of enchant weapon
Potions
 e - a potion of berserk rage
 k - 2 potions of magic
 n - a potion of attraction {unknown}
 o - 2 potions of haste
 w - 2 potions of might
 x - 2 potions of curing {unknown}
 z - 2 potions of resistance {unknown}
 B - a potion of ambrosia
 C - 3 potions of brilliance
 H - 2 potions of flight
 J - 2 potions of invisibility {unknown}
 P - 2 potions of lignification {unknown}


   Skills:
 - Level 8.4 Fighting
 + Level 8.0 Staves
 - Level 5.4 Armour
 - Level 1.7 Dodging
 - Level 1.7 Stealth
 - Level 5.0 Shields
 - Level 6.0 Spellcasting
 - Level 14.4 Ice Magic
 * Level 8.7 Evocations


You had 16 spell levels left.
You knew the following spells:

 Your Spells              Type           Power      Damage    Failure   Level
a - Blink                 Tloc           N/A        N/A       6%          2
b - Frozen Ramparts       Ice            100%       1d12      0%          3
c - Ozocubu's Armour      Ice            74%        N/A       0%          3

Your spell library contained the following spells:

 Spells                   Type           Power      Damage    Failure   Level
 Freeze                   Ice            100%       1d11      0%          1
 Hailstorm                Conj/Ice       49%        3d11      1%          4
 Summon Ice Beast         Ice/Summ       49%        N/A       1%          4
 Animate Skeleton         Necr           10%        N/A       3%          1
 Apportation              Tloc           10%        N/A       3%          1
 Corona                   Hex            5%         N/A       3%          1
 Magic Dart               Conj           20%        1d4       3%          1
 Summon Small Mammal      Summ           20%        N/A       3%          1
 Call Imp                 Summ           5%         N/A       6%          2
 Slow                     Hex            5%         N/A       6%          2
 Conjure Flame            Conj/Fire      5%         6-21      13%         3
 Inner Flame              Hex/Fire       5%         N/A       13%         3
 Mephitic Cloud           Conj/Pois/Air  5%         N/A       13%         3
 Portal Projectile        Hex/Tloc       10%        N/A       13%         3
 Stone Arrow              Conj/Erth      10%        3d7       13%         3
 Cause Fear               Hex            2%         N/A       43%         4
 Leda's Liquefaction      Hex/Erth       2%         N/A       43%         4
 Lee's Rapid Deconstruct  Erth           2%         3d6*      80%         5
 Eringya's Noxious Bog    Tmut/Pois      2%         N/A       100%        6
 Iron Shot                Conj/Erth      2%         9d2       100%        6


Dungeon Overview and Level Annotations

Branches:
Dungeon (10/15)            Temple (0/1) D:6            Lair (6/6) D:9
  Swamp (0/4) Lair:3        Snake (0/4) Lair:3        Slime (0/5) Lair:6
    Orc: D:9-12

Shops:
D:4 [   D:5 =[[[   D:6 *(   D:7 !

Annotations:
D:9 3 runed translucent doors, DwarfAlpaca's ghost, novice DjFE
D:10 Maggie
Lair:6 exclusion: oklob plant


Innate Abilities, Weirdness & Mutations

Your attributes grow dramatically as you level up.
You have an increased reservoir of magic. (+10% MP)
You shall have no god before yourself.
[You often lose your temper in combat.]
[You are very dopey. (Int -4)]
[You are very frail. (-20% HP)]
[Your spells are easier to cast, but less powerful.]


Message History

The walls around you are covered in ice.
The wall freezes the thrashing horror but does no damage.
The thrashing horror tramples you but does no damage.
The thrashing horror barely misses you.
The thrashing horror resists.
The wall freezes the thrashing horror.
The thrashing horror tramples you.
You stumble backwards!
The frozen ramparts melt away as you move.
Unknown command.
Casting: Frozen Ramparts (safe; 0% risk of failure)
Confirm with . or Enter, or press ? or * to list all spells.
Casting: Frozen Ramparts (safe; 0% risk of failure)
Press: ? - help, Dir - look around, f - activate You feel a surge of power!
The walls around you are covered in ice.
The thrashing horror completely resists.
The wall freezes the thrashing horror but does no damage.
The thrashing horror tramples you.
You hold your ground!
The thrashing horror misses you.
The wretched star resists.
The wall freezes the wretched star.
The wretched star glows turbulently.
The lance of force hits you!!
* * * LOW HITPOINT WARNING * * *
You are knocked back by the lance of force.
You slam into the stone wall!
* * * LOW HITPOINT WARNING * * *
The thrashing horror completely resists.
The wall freezes the thrashing horror but does no damage.
Okay, then.
Unknown command.
Okay, then.
Your frozen ramparts will break if you move.
Continue?
Okay, then.
Your frozen ramparts will break if you move.
Continue?
The frozen ramparts melt away as you move.
The thrashing horror barely misses you.
The thrashing horror tramples you but does no damage.
The thrashing horror tramples you!
* * * LOW HITPOINT WARNING * * *
You hold your ground!
The thrashing horror tramples you.
You die...

## .. ## ..#.
.#######
...#.#X#..#
#####
#..#.*.#..
....#
#.###.#.X#.###
.##X###.#..##.#
.##@...####
#..##...#.# .
###..#...###
#.#..#..## # ##
###.####. ##
#..... ..#. #
.# .#.###.#.# .
. .# ##..#. .
.##


You could see a thrashing horror.

Vanquished Creatures
  6 hydras
  2 catoblepae (Lair:6)
  4 death yaks (Lair:6)
  3 two-headed ogres (D:8)
  A deep troll shaman (Lair:6)
  The ghost of sbaton the Transmogrifier, a novice DgTm (D:8)
  Pikel (D:7)
  2 bog bodies (Lair:3)
  4 oklob plants (Lair:5)
  A manticore (D:8)
  A lindwurm (Lair:6)
  An ugly thing (D:8)
  12 elephants
  4 black mambas
  6 cane toads
  A gargoyle (D:8)
  9 komodo dragons
  An efreet (D:8)
  6 polar bears
  Prince Ribbit (D:7)
  Grinder (D:4)
  14 blink frogs
  A wraith (D:9)
  2 vampires (D:9)
  6 wyverns
  5 basilisks
  40 yaks
  2 steam dragons (D:8)
  A vampire mosquito (D:8)
  Menkaure (D:6)
  An acid dragon (D:8)
  4 nagas (Lair:3)
  21 water moccasins
  An ice beast (D:6)
  5 orc warriors
  6 black bears
  A hornet zombie (D:6)
  The ghost of DarkShadow the Covered, an amateur MiFi (D:3)
  A necrophage (D:8)
  12 wolves
  2 centaurs (D:8)
  Blork the orc (D:4)
  3 lemures (D:7)
  A kobold brigand (D:9)
  13 bullfrogs
  3 scorpions
  12 killer bees (D:9)
  The ghost of EnegeticOcto the Magician, a weakling DjFE (D:3)
  3 centaur zombies
  2 hounds
  A gnoll shaman (D:6)
  A jelly (D:8)
  12 orc priests
  4 centaur skeletons
  Crazy Yiuf (D:6)
  An iguana (D:6)
  Ijyb (D:5)
  11 orc wizards
  A howler monkey zombie (D:8)
  Robin (D:4)
  7 gnolls
  5 adders
  A shadow imp (D:7)
  3 white imps
  3 worms (D:2)
  4 dart slugs
  41 orcs
  3 bats
  5 endoplasms
  4 giant cockroaches
  17 goblins
  8 hobgoblins
  6 jackals
  9 kobolds
  5 quokkas
  4 ball pythons
  A frilled lizard (D:3)
  4 rats
398 creatures vanquished.

Vanquished Creatures (others)
  An orc wizard (D:8)
  27 fungi
  35 plants
63 creatures vanquished.

Grand Total: 461 creatures vanquished

Notes
Turn   | Place    | Note
-------+----------+-------------------------------------------
     0 | D:1      | Froggeryz the Demigod Ice Elementalist began the quest for
                  | the Orb.
     0 | D:1      | Reached XP level 1. HP: 14/14 MP: 5/5
   142 | D:1      | Reached skill level 4 in Ice Magic
   258 | D:1      | Reached XP level 2. HP: 14/20 MP: 5/7
  1237 | D:2      | Reached XP level 3. HP: 22/26 MP: 4/8
  1409 | D:2      | Learned a level 3 spell: Frozen Ramparts
  2059 | D:2      | Reached skill level 5 in Ice Magic
  2520 | D:3      | Found a runed translucent gate.
  2521 | D:3      | Found a runed translucent gate.
  2521 | D:3      | Found a runed translucent gate.
  2522 | D:3      | Noticed DarkShadow's ghost (amateur MiFi)
  2522 | D:3      | Noticed EnegeticOcto's ghost (weakling DjFE)
  2593 | D:3      | Reached XP level 4. HP: 33/33 MP: 5/9
  3061 | D:4      | Found the +4 Cigotuvi's embrace {rMiasma Drain rN+}
  3161 | D:4      | Reached XP level 5. HP: 15/38 MP: 2/11
  3572 | D:4      | Noticed Robin
  3616 | D:4      | Killed Robin
  3692 | D:4      | Noticed Blork the orc
  3707 | D:4      | Killed Blork the orc
  3708 | D:4      | Reached skill level 6 in Ice Magic
  3713 | D:4      | Learned a level 3 spell: Ozocubu's Armour
  3881 | D:4      | Noticed Grinder
  3894 | D:4      | Paralysed by Grinder for 5 turns
  3915 | D:4      | Paralysed by Grinder for 5 turns
  4934 | D:5      | Entered Level 5 of the Dungeon
  4934 | D:5      | Found Heusenim's Armour Emporium.
  4934 | D:5      | Found Ofujysoi's Antique Armour Emporium.
  4934 | D:5      | Noticed a black bear
  4952 | D:4      | Killed a black bear
  4953 | D:4      | Reached XP level 6. HP: 39/45 MP: 5/13
  5117 | D:5      | Found Geycvull's Jewellery Shop.
  5129 | D:5      | Reached skill level 7 in Ice Magic
  5135 | D:5      | Found Munerom's Armour Emporium.
  5135 | D:5      | Noticed Ijyb
  5140 | D:5      | Killed Ijyb
  5666 | D:6      | Noticed a water moccasin
  5675 | D:6      | Killed a water moccasin
  5676 | D:6      | Reached XP level 7. HP: 48/50 MP: 7/14
  5814 | D:6      | Noticed Menkaure
  5816 | D:6      | Reached skill level 8 in Ice Magic
  6015 | D:6      | Killed Menkaure
  6155 | D:6      | HP: 1/50 [hornet zombie (10)]
  6561 | D:6      | Reached skill level 9 in Ice Magic
  6620 | D:6      | Found Heuted's Elemental Accessories.
  6696 | D:6      | Reached XP level 8. HP: 51/57 MP: 11/15
  6746 | D:6      | Found Nazetiuf's Weapon Shoppe.
  6855 | D:6      | Found a runed translucent door.
  6856 | D:6      | Noticed Crazy Yiuf
  7070 | D:6      | Found a staircase to the Ecumenical Temple.
  7166 | D:6      | Killed Crazy Yiuf
  7542 | D:7      | Found Jeato's Distillery.
  7732 | D:7      | Reached skill level 10 in Ice Magic
  7893 | D:7      | Noticed Prince Ribbit
  7902 | D:7      | Killed Prince Ribbit
  7903 | D:7      | Reached skill level 1 in Armour
  8260 | D:7      | Noticed Pikel
  8284 | D:7      | Killed Pikel
  8285 | D:7      | Reached skill level 11 in Ice Magic
  8627 | D:8      | Reached XP level 9. HP: 59/62 MP: 9/16
  8628 | D:8      | Noticed a gargoyle
  8760 | D:8      | Killed a gargoyle
  8798 | D:8      | Found a runed translucent gate.
  8799 | D:8      | Found a runed translucent gate.
  8800 | D:8      | Found a runed translucent gate.
  8801 | D:8      | Noticed sbaton's ghost (novice DgTm)
  8852 | D:8      | Noticed a two-headed ogre
  8861 | D:8      | Killed a two-headed ogre
  8876 | D:8      | Reached skill level 12 in Ice Magic
  9181 | D:8      | Found a runed translucent door.
  9304 | D:8      | Found a runed translucent door.
  9569 | D:8      | Noticed a two-headed ogre
  9657 | D:8      | Noticed an efreet
  9667 | D:8      | Killed an efreet
  9668 | D:8      | Reached skill level 5 in Armour
  9809 | D:8      | Noticed a cyan ugly thing
  9809 | D:8      | Noticed a manticore
  9922 | D:8      | Killed a cyan ugly thing
  9923 | D:8      | Reached XP level 10. HP: 69/69 MP: 18/18
  9929 | D:8      | Noticed a two-headed ogre
  9946 | D:8      | Killed a two-headed ogre
  9947 | D:8      | Reached skill level 1 in Fighting
 10107 | D:8      | Killed a manticore
 10441 | D:8      | Reached skill level 13 in Ice Magic
 10455 | D:8      | Killed a two-headed ogre
 11008 | D:9      | Found a runed translucent gate.
 11464 | D:9      | Identified a scroll of acquirement
 11466 | D:9      | Acquired a staff of cold
 12042 | D:9      | Reached XP level 11. HP: 58/83 MP: 15/22
 12215 | D:9      | Noticed DwarfAlpaca's ghost (novice DjFE)
 12217 | D:9      | Found a runed translucent gate.
 12217 | D:9      | Found a runed translucent gate.
 12235 | D:9      | Identified the +8 chain mail of Askarr Geaki {Rampage Will+
                  | Dex+4}
 12305 | D:9      | Found a staircase to the Lair.
 12534 | D:3      | Killed EnegeticOcto's ghost
 12550 | D:3      | Killed DarkShadow's ghost
 12720 | D:4      | Paralysed by Grinder for 2 turns
 12743 | D:4      | Paralysed by Grinder for 7 turns
 12753 | D:4      | Paralysed by Grinder for 5 turns
 12782 | D:4      | Killed Grinder
 13112 | D:8      | Reached skill level 5 in Spellcasting
 13124 | D:8      | Killed sbaton's ghost
 13333 | Lair:1   | Entered Level 1 of the Lair of Beasts
 13415 | Lair:1   | Reached skill level 14 in Ice Magic
 13791 | Lair:1   | Reached skill level 5 in Fighting
 14335 | Lair:2   | Noticed a six-headed hydra
 14352 | Lair:2   | Killed a six-headed hydra
 14353 | Lair:2   | Reached skill level 1 in Shields
 15003 | Lair:2   | Reached XP level 12. HP: 75/97 MP: 17/25
 15106 | Lair:2   | Reached skill level 5 in Shields
 15498 | Lair:2   | Noticed an eight-headed hydra
 15517 | Lair:2   | Killed an eight-headed hydra
 15518 | Lair:2   | Reached skill level 1 in Staves
 16114 | Lair:3   | Found a staircase to the Snake Pit.
 16188 | Lair:3   | Identified the +2 long sword of the Modern Visionaries
                  | {antimagic, *Noise *Corrode rPois rN+ Str+8}
 16393 | Lair:3   | Found a staircase to the Swamp.
 16993 | Lair:3   | Learned a level 2 spell: Blink
 17045 | Lair:3   | Noticed a seven-headed hydra
 17059 | Lair:3   | Killed a seven-headed hydra
 17711 | Lair:4   | Reached skill level 5 in Staves
 17711 | Lair:4   | Reached skill level 1 in Evocations
 18113 | Lair:4   | Noticed a five-headed hydra
 18134 | Lair:4   | Killed a five-headed hydra
 18946 | D:5      | Bought the ring of Yredelemnul's Favour {rPois rF+++ Dex+4
                  | SInv} for 746 gold pieces
 18949 | D:5      | Upgraded the game from 0.27-a0-911-gfacc31910f to
                  | 0.27-a0-926-g0e6d9124c6
 19601 | Lair:5   | You fall into a shaft and drop 1 floor!
 19601 | Lair:6   | Entered Level 6 of the Lair of Beasts
 19602 | Lair:6   | Noticed a seven-headed hydra
 19602 | Lair:6   | Noticed a catoblepas
 19671 | Lair:6   | Killed a catoblepas
 19675 | Lair:6   | Reached XP level 13. HP: 54/108 MP: 8/26
 19681 | Lair:6   | Reached skill level 5 in Evocations
 19990 | Lair:6   | Found a staircase to the Slime Pits.
 19997 | Lair:6   | Identified the Incunabulum of Cankerous Earth
 20560 | Lair:5   | Acquired 647 gold pieces
 20989 | Lair:6   | Identified the +7 rapier "Deappops" {vorpal, *Rage rC+
                  | Will+ MP+9 Dex+2}
 21727 | D:10     | Entered Level 10 of the Dungeon
 21943 | D:10     | Noticed Maggie
 21946 | D:10     | Cast into level 2 of the Abyss (Maggie)
 22116 | Abyss:2  | HP: 2/86 [thrashing horror (8)]
 22116 | Abyss:2  | Slain by a thrashing horror

Illustrated notes

Levels and vault maps discovered:
D:1:      nzn_arrival_crosshair, layout_basic
D:2:      minmay_general_purpose_star, layout_basic, serial_undead,
          serial_undead_b, serial_undead_e, serial_undead_b, serial_undead_f,
          basic_altar, corexii_leaking_fountain
D:3:      layout_rooms, basic_ecumenical_altar, gammafunk_ghost_cemetery
D:4:      layout_layer_cave, minmay_overflow_temple_star_quad,
          lemuel_coloured_pillars_altar, uniq_blork_the_orc, uniq_robin,
          uniq_grinder
D:5:      layout_basic, grunt_gozag_statues, serial_shops, shop, shop, shop,
          shop, shop, uniq_ijyb
D:6:      layout_rooms, amcnicky_altar_gilded, minmay_temple_entry_poolview,
          serial_shops, shop, nicolae_elemental_shop, uniq_menkaure,
          uniq_crazy_yiuf_cottage
D:7:      layout_basic, nemelex_xobeh_ov_fountains_minmay, serial_shops,
          nicolae_shop_window_shopping, uniq_pikel, uniq_prince_ribbit1
D:8:      cheibrodos_histonic, layout_cave_pools, biasface_ghost_orc_armoury
D:9:      layout_roguey, grunt_lair_entry_orc_guard_hut,
          ebering_ghost_rock_garden, minmay_holes
D:10:     layout_roguey, uniq_sonja, uniq_maggie
Lair:1:   layout_roguey, minmay_shattered_shrine
Lair:2:   layout_layer_cave
Lair:3:   layout_roguey, skrybe_swamp_entry_bodies,
          minmay_snake_entry_guardpost_small, gammafunk_lair_bear_cave
Lair:4:   layout_regular_city, grunt_megastairs_5, serial_bayou_shore_b,
          lemuel_fruit_tree, infiniplex_staircase_pool_2
Lair:5:   layout_regular_city, st_stairs_7, infiniplex_staircase_pool,
          minmay_lair_oklob_chamber
Lair:6:   grunt_lair_end_beastmaster, layout_hall_layers,
          minmay_slime_entry_oklob_open
Abyss:2:  base: D:11, hangedman_abyss_lost_library,
          hangedman_abyss_or_decor_lesser_grid,
          hangedman_abyss_or_decor_jellyfish_corner

Skill      XL: |  1  2  3  4  5  6  7  8  9 10 11 12 13 |
---------------+----------------------------------------+-----
Ice Magic      | 4 5 6 7 9 11 12 13 14 | 14.4
Spellcasting   | 2 3 4 6 |  6.0
Armour         | 2 5 |  5.4
Fighting       | 3 6 8 |  8.4
Shields        | 4 5 |  5.0
Staves         | 6 8 |  8.0
Evocations     | 4 8 |  8.7
Dodging        | |  1.7
Stealth        | |  1.7

Action                   |  1- 3 |  4- 6 |  7- 9 | 10-12 | 13-15 || total
-------------------------+-------+-------+-------+-------+-------++-------
Melee: Unarmed           |    22 |     8 |       |       |       ||    30
       Whip              |       |    40 |    47 |       |       ||    87
       Dagger            |       |       |   146 |    23 |       ||   169
       Staff             |       |       |       |   515 |   210 ||   725
Throw: Dart              |       |       |       |    20 |       ||    20
 Cast: Freeze            |    81 |    48 |    37 |    73 |       ||   239
       Frozen Ramparts   |       |    13 |    27 |   101 |    28 ||   169
       Ozocubu's Armour  |       |     5 |    16 |    49 |    13 ||    83
       Blink             |       |       |       |     1 |       ||     1
Evoke: Wand              |       |       |    12 |    26 |     1 ||    39
  Use: Potion            |       |     4 |     2 |     1 |     1 ||     8
       Scroll            |       |     1 |     1 |    19 |     2 ||    23
 Stab: Sleeping          |     4 |     3 |     1 |     3 |       ||    11
       Paralysed         |       |       |       |    19 |       ||    19
       Petrified         |       |       |       |     3 |     7 ||    10
Armor: Robe              |    16 |     7 |       |       |       ||    23
       Leather armour    |       |    36 |   136 |   466 |   146 ||   784
Dodge: Dodged            |    50 |    70 |   149 |   419 |   129 ||   817

Table legend: (Time is in decaauts)
 A = Elapsed time spent in this place.
 B = Non-inter-level travel time spent in this place.
 C = Inter-level travel time spent in this place.
 D = Time resting spent in this place.
 E = Time spent auto-exploring this place.
 F = Levels seen in this place.
 G = Mean time per level.
                   A        B        C        D        E       F      G
               +--------+--------+--------+--------+--------+-----+--------+
         Total |  22212 |  20674 |   1538 |   3145 |  13463 |  17 | 1306.6 |
       Dungeon |  13884 |  12980 |    904 |   2612 |   8069 |  10 | 1388.4 |
          Lair |   8160 |   7526 |    634 |    502 |   5300 |   6 | 1360.0 |
         Abyss |    167 |    167 |      0 |     31 |     94 |   1 |  167.0 |
               +--------+--------+--------+--------+--------+-----+--------+

Top non-repeatable levels by time:
     D:8: 2324 daAuts
     D:4: 1883 daAuts
  Lair:2: 1735 daAuts
     D:7: 1701 daAuts
     D:9: 1664 daAuts
  Lair:3: 1585 daAuts
     D:6: 1497 daAuts
  Lair:6: 1364 daAuts
     D:3: 1340 daAuts
  Lair:4: 1310 daAuts
     D:2: 1231 daAuts
  Lair:1: 1122 daAuts
     D:1: 1079 daAuts
  Lair:5: 1040 daAuts
     D:5: 949 daAuts
